 Dungeon Crawl Stone Soup version 0.21.1-1-g345015fe64 (webtiles) character file.

42929 Gargoyl the Cleaver (level 13, -2/122 HPs)
             Began as a Centaur Abyssal Knight on July 27, 2018.
             Was a High Priest of Lugonu.
             Killed from afar by a manticore (16 damage)
             ... with a volley of spikes
             ... on level 6 of the Lair of Beasts.
             The game lasted 00:39:07 (23023 turns).

Gargoyl the Cleaver (Centaur Abyssal Knight)       Turns: 23023, Time: 00:39:07

Health: -2/122     AC: 18    Str: 18    XL:     13   Next: 88%
Magic:  15/19      EV:  8    Int: 11    God:    Lugonu [*****.]
Gold:   432        SH: 12    Dex: 11    Spells: 12/12 levels left

rFire    . . .     SeeInvis +   D - +2 war axe (elec)
rCold    . . .     Gourm    .   P - +0 shield
rNeg     . . .     Faith    .   f - +3 scale mail
rPois    +         Spirit   .   (no helmet)
rElec    .         Reflect  +   O - +2 cloak
rCorr    .         Harm     .   l - +2 pair of gloves
MR       .....                  (no barding)
Stlth    ..........             j - +3 amulet of reflection
HPRegen  0.30/turn              d - ring of poison resistance
MPRegen  0.16/turn              o - +5 ring of slaying

@: barbed spikes, very quick
A: large, hooves 3, see invisible, deformed body, speed 2, low mp 1, robust 1,
tough skin 3, MP-powered wands
a: Depart the Abyss, Bend Space, Banish, Corrupt, Enter the Abyss, Renounce
Religion


You were on level 6 of the Lair of Beasts.
You worshipped Lugonu.
Lugonu was extremely pleased with you.
You were hungry.

You visited 2 branches of the dungeon, and saw 15 of its levels.
You visited the Abyss 1 time.

You collected 872 gold pieces.
You spent 440 gold pieces at shops.

Inventory:

Hand Weapons
 a - a +2 hand axe of electrocution
 v - a +2 hand axe of freezing
 D - a +2 war axe of electrocution (weapon)
 F - a +0 war axe of flaming
Missiles
 A - 4 javelins of penetration (quivered)
Armour
 f - a +3 scale mail (worn)
 l - a +2 pair of gloves (worn)
 O - a +2 cloak (worn)
 P - a +0 shield (worn)
Jewellery
 b - an uncursed ring of protection from magic
 d - a ring of poison resistance (left hand)
 j - a +3 amulet of reflection (around neck)
 n - an uncursed ring of flight
 o - a +5 ring of slaying (right hand)
 y - an uncursed ring of protection from cold
 H - an uncursed ring of fire
Wands
 e - a wand of digging (15)
 G - a wand of paralysis (7)
Scrolls
 h - a scroll of magic mapping
 m - 6 scrolls of teleportation
 t - a scroll of fear
 w - 3 scrolls of fog
 z - a scroll of blinking
 L - 3 scrolls of remove curse
 N - 2 scrolls of identify
Potions
 g - 3 potions of cancellation
 i - a potion of magic
 k - 3 potions of haste
 p - a potion of brilliance {unknown}
 q - 2 potions of ambrosia {unknown}
 r - 2 potions of might
 s - 4 potions of flight
 u - 2 potions of curing
 B - a potion of lignification
 C - a potion of mutation
 E - 2 potions of agility
 I - a potion of berserk rage {unknown}
 K - a potion of degeneration {unknown}
 S - a potion of resistance {unknown}
Books
 x - a book of Air

   Spells                             Type                      Level
   a - Shock                          Conjuration/Air              1
   b - Swiftness                      Charms/Air                   2
   c - Static Discharge               Conjuration/Air              3
   d - Airstrike                      Air                          4
   e - Lightning Bolt                 Conjuration/Air              5
 J - a book of Misfortune

   Spells                             Type                      Level
   a - Confusing Touch                Hexes                        1
   b - Confuse                        Hexes                        3
   c - Gell's Gravitas                Translocation                3
   d - Petrify                        Transmutation/Earth          4
   e - Metabolic Englaciation         Hexes/Ice                    5
   f - Yara's Violent Unravelling     Hexes/Transmutation          5
 M - a book of Geomancy

   Spells                             Type                      Level
   a - Sandblast                      Earth                        1
   b - Passwall                       Transmutation/Earth          2
   c - Stone Arrow                    Conjuration/Earth            3
   d - Petrify                        Transmutation/Earth          4
   e - Lee's Rapid Deconstruction     Earth                        5
 Q - a book of Necromancy

   Spells                             Type                      Level
   a - Pain                           Necromancy                   1
   b - Animate Skeleton               Necromancy                   1
   c - Vampiric Draining              Necromancy                   3
   d - Regeneration                   Charms/Necromancy            3
   e - Animate Dead                   Necromancy                   4
   f - Borgnjor's Vile Clutch         Necromancy/Earth             5
Comestibles
 c - 34 rations
 R - 2 chunks of flesh


   Skills:
 + Level 9.2 Fighting
 + Level 12.2 Axes
 + Level 1.3 Throwing
 * Level 10.4 Armour
 + Level 4.5 Dodging
 + Level 3.9 Shields
 * Level 11.4 Invocations


You had 12 spell levels left.
You didn't know any spells.

Dungeon Overview and Level Annotations

Branches:
Dungeon (9/15)             Temple (0/1) D:7            Lair (6/6) D:9
  Swamp (0/4) Lair:3        Snake (0/4) Lair:4        Slime (0/5) Lair:6
    Orc (0/2) D:9

Altars:
Cheibriados
Dithmenos
Gozag
Makhleb
Nemelex Xobeh
Okawaru
Qazlal
Uskayaw
Wu Jian
Xom
Yredelemnul
Zin

Shops:
D:7 *   D:8 *=![(

Annotations:
Lair:6 exclusion: oklob plant


Innate Abilities, Weirdness & Mutations

You have hooves in place of feet.
Armour fits poorly on your strangely shaped body.
You cover ground very quickly.
You have extremely tough skin. (AC +3)
You have supernaturally acute eyesight. (SInv)
Your magical capacity is low. (-10% MP)
You are robust. (+10% HP)
You expend magic power (3 MP) to strengthen your wands.


Message History

You feel sick.
Unknown command.
The lindwurm bites you.
* * * LOW HITPOINT WARNING * * *
The lindwurm closely misses you. You block the lindwurm's attack.
You feel sick.
You feel sick.
You feel sick. The lindwurm breathes flames at you.
The blast of flame hits you!
* * * LOW HITPOINT WARNING * * *
You feel better.
Press: ? - help, Shift-Dir - straight line, f - lindwurm
Aim: a lindwurm (catching its breath, chance to defeat MR: 75%)
The lindwurm struggles to resist.
You are feeling hungry.
The manticore flicks its tail.
The volley of spikes hits you!
The barbed spikes become lodged in your body.
You die...

#.####........#.# #..P.†...P#
######..k.H.k...## ###..........
#......#.#.#....####.....#.###..
##.....#.k.#.....##......#...#..
#......#...#.#H..###...#.#...#..
#..#H..#...#k..###.###...†...##.
##,..########...#.......########
**,.#.,,,,*#.....#...#.#...##....
**#..k,,,,*#....@#.........##....
**##..,,,,*#.....#####....###....
,* **,,,,,,##.#.........#.# #...†
,** **,,,,**###.P.....P..## #P...
,,********* ####...##### #####
,,,,,*** #####**** #
,,,,,*,****** ***,,**** #
,,,,,,,,,,,,* *,,,,,,,** #
,,,,,,,,,,,,*********,,,,,,,,*


You could see a manticore and a lindwurm.

Vanquished Creatures
  Kirke (Lair:6)
  The ghost of Guthix the Spear-Bearer, a journeyman DsBe of Trog (Lair:6)
  8 hydras
  A catoblepas (Lair:6)
  Erica (D:9)
  2 two-headed ogres (D:9)
  2 death yaks
  Urug (Lair:3)
  Pikel (D:5)
  A lindwurm (Lair:6)
  The ghost of motoroller71 the Ducker, a novice GnGl of Makhleb (D:6)
  A manticore (Lair:6)
  6 elephants
  Joseph (D:7)
  5 black mambas
  10 spiny frogs
  Psyche (D:9)
  3 rime drakes
  A troll (D:9)
  2 polar bears
  6 hippogriffs
  19 blink frogs
  36 yaks
  The ghost of Torako the Cudgeler, an amateur HOGl of Vehumet (D:4)
  A wyvern (Lair:4)
  2 hungry ghosts
  4 hogs (Lair:6)
  2 basilisks
  Menkaure (D:7)
  6 swamp worms (Lair:3)
  2 nagas (Lair:4)
  9 porcupines
  Duvessa (D:7)
  8 water moccasins
  3 orc warriors
  A slave (D:5)
  A black bear (D:6)
  A sky beast (D:6)
  A phantom (D:8)
  An ice beast (D:6)
  A necrophage (D:5)
  9 ogres
  7 wolves
  5 centaurs
  8 crocodiles
  Blork the orc (D:6)
  6 bullfrogs
  Dowan (D:7)
  4 scorpions
  5 howler monkeys
  An electric eel (Lair:3)
  5 crimson imps
  A bullfrog zombie (D:8)
  A centaur zombie (D:9)
  4 hounds
  2 jellies
  10 orc wizards
  6 orc priests
  A bullfrog skeleton (D:9)
  3 iguanas
  4 hell rats
  8 worker ants
  A killer bee zombie (D:8)
  A hound zombie (D:9)
  3 gnolls (D:4)
  13 adders
  11 river rats
  2 shadow imps (D:6)
  3 oozes
  3 worms (D:2)
  6 dart slugs
  7 leopard geckos
  34 orcs
  5 bats
  7 giant cockroaches
  11 goblins
  5 hobgoblins
  5 jackals
  2 quokkas
  4 ball pythons
  8 frilled lizards
  6 kobolds
  9 rats
  5 fungi
  2 plants (Lair:5)
402 creatures vanquished.

Vanquished Creatures (collateral kills)
  A hound (D:7)
1 creature vanquished.

Vanquished Creatures (others)
  A death yak (D:8)
  An oklob plant (Lair:5)
  A rime drake (Lair:6)
  A komodo dragon (Lair:6)
  A hippogriff (Lair:6)
  A human (Lair:6)
  A wolf (Lair:6)
  A bullfrog (Lair:4)
  13 fungi
  27 plants
48 creatures vanquished.

Grand Total: 451 creatures vanquished

Notes
Turn   | Place    | Note
-------+----------+-------------------------------------------
     0 | Abyss:1  | Gargoyl the Centaur Abyssal Knight began the quest for the Orb.
     0 | Abyss:1  | Reached XP level 1. HP: 19/19 MP: 2/2
    98 | Abyss:1  | Noticed a large abomination
   117 | Abyss:1  | Noticed a large abomination
   159 | Abyss:1  | Noticed a quasit
   173 | Abyss:1  | Noticed a neqoxec
   174 | Abyss:1  | Noticed a crimson imp
   174 | Abyss:1  | Noticed a quasit
   175 | Abyss:1  | Noticed an iron imp
   197 | Abyss:1  | Noticed a chaos spawn
   218 | Abyss:1  | Noticed a ynoxinul
   221 | D:1      | Escaped the Abyss
   247 | D:1      | Reached * piety under Lugonu
   317 | D:1      | Reached XP level 2. HP: 23/26 MP: 3/3
   510 | D:1      | Reached skill level 2 in Axes
   703 | D:1      | Reached XP level 3. HP: 31/31 MP: 4/4
   965 | D:1      | Reached ** piety under Lugonu
  1102 | D:2      | Reached XP level 4. HP: 32/40 MP: 6/6
  1251 | D:2      | Found a snail-covered altar of Cheibriados.
  1773 | D:2      | Found a burning altar of Makhleb.
  1775 | D:2      | Noticed a blizzard demon
  1819 | D:2      | Reached skill level 3 in Axes
  2062 | D:3      | Reached skill level 1 in Dodging
  2246 | D:3      | Reached XP level 5. HP: 35/46 MP: 7/7
  2408 | D:3      | HP: 1/46 [something/puff of frost (12)]
  3127 | D:3      | Reached *** piety under Lugonu
  3369 | D:4      | Reached XP level 6. HP: 40/52 MP: 8/8
  3925 | D:4      | Noticed Torako's ghost (amateur HOGl)
  3950 | D:4      | Killed Torako's ghost
  3950 | D:4      | Reached skill level 4 in Axes
  4369 | D:4      | Reached XP level 7. HP: 48/59 MP: 9/9
  5345 | D:5      | Entered Level 5 of the Dungeon
  5363 | D:5      | Found a shadowy altar of Dithmenos.
  6035 | D:5      | Noticed Pikel
  6081 | D:5      | Killed Pikel
  6081 | D:5      | Reached skill level 5 in Fighting
  6081 | D:5      | Reached skill level 5 in Axes
  6081 | D:5      | Reached XP level 8. HP: 27/68 MP: 11/11
  6410 | D:5      | Reached skill level 5 in Invocations
  6429 | D:5      | Found a basalt altar of Yredelemnul.
  6666 | D:5      | Reached **** piety under Lugonu
  6732 | D:6      | Reached skill level 5 in Armour
  7046 | D:6      | Reached skill level 1 in Throwing
  7232 | D:6      | Reached skill level 6 in Axes
  7232 | D:6      | Reached XP level 9. HP: 25/74 MP: 11/13
  7944 | D:6      | Noticed motoroller71's ghost (novice GnGl)
  7967 | D:6      | Killed motoroller71's ghost
  8010 | D:6      | Found a stormy altar of Qazlal.
  8317 | D:6      | Noticed Blork the orc
  8322 | D:6      | Killed Blork the orc
  8355 | D:7      | Reached skill level 7 in Axes
  8366 | D:7      | Found a staircase to the Ecumenical Temple.
  8442 | D:7      | Noticed Menkaure
  8443 | D:7      | Noticed Duvessa
  8458 | D:7      | Killed Menkaure
  8463 | D:7      | Noticed Dowan
  8465 | D:7      | Killed Duvessa
  8470 | D:7      | Killed Dowan
  8722 | D:7      | Noticed Joseph
  8729 | D:7      | Reached XP level 10. HP: 66/83 MP: 14/14
  8736 | D:7      | Killed Joseph
  9039 | D:7      | Found Vinieh's Assorted Antiques.
  9074 | D:7      | Bought a runed war axe for 156 gold pieces
  9074 | D:7      | Bought a glowing war axe for 156 gold pieces
  9147 | D:7      | Found a glowing silver altar of Zin.
  9147 | D:7      | Found an opulent altar of Gozag.
  9278 | D:8      | Found Nega's Assorted Antiques.
  9318 | D:8      | Found Pameivoi's Jewellery Shoppe.
  9338 | D:8      | Found a hide-covered altar of Uskayaw.
  9397 | D:8      | Found Azatebeu's Weapon Boutique.
  9532 | D:8      | Found Bozuatz's Distillery.
  9535 | D:8      | Bought a potion of heal wounds for 80 gold pieces
  9535 | D:8      | Bought a potion of curing for 48 gold pieces
  9578 | D:8      | Found an ornate altar of the Wu Jian Council.
  9578 | D:8      | Found an iron altar of Okawaru.
  9673 | D:8      | Found Xusuh's Armour Shoppe.
 10012 | D:8      | Reached ***** piety under Lugonu
 10187 | D:9      | Noticed a two-headed ogre
 10198 | D:9      | Killed a two-headed ogre
 10198 | D:9      | Reached skill level 8 in Axes
 10201 | D:9      | Noticed Erica
 10309 | D:9      | Killed Erica
 10678 | D:9      | Found a staircase to the Lair.
 10691 | D:9      | Noticed a death yak
 10708 | D:9      | Noticed a death yak
 10708 | D:9      | Noticed a death yak
 10741 | D:9      | Killed a death yak
 10741 | D:9      | Reached skill level 9 in Axes
 10741 | D:9      | Reached XP level 11. HP: 39/91 MP: 16/16
 10963 | D:8      | Killed a death yak
 11286 | D:9      | Noticed a two-headed ogre
 11416 | D:9      | Killed a two-headed ogre
 11520 | D:8      | Banished a death yak
 12047 | D:9      | Noticed Psyche
 12053 | D:9      | Found a sparkling altar of Nemelex Xobeh.
 12063 | D:9      | Found a shimmering altar of Xom.
 12130 | D:9      | Paralysed by Psyche for 5 turns
 12136 | D:9      | Killed Psyche
 12283 | D:9      | Found a staircase to the Orcish Mines.
 12454 | D:9      | Found a shadowy altar of Dithmenos.
 12752 | Lair:1   | Entered Level 1 of the Lair of Beasts
 13279 | Lair:1   | Reached skill level 10 in Axes
 14497 | Lair:2   | Reached XP level 12. HP: 68/100 MP: 18/18
 15646 | Lair:3   | Reached skill level 1 in Shields
 16191 | Lair:3   | Found a staircase to the Swamp.
 16792 | Lair:3   | Noticed Urug
 16810 | Lair:3   | HP: 5/101 [Urug/eveningstar of freezing (3)]
 16814 | Lair:3   | Killed Urug
 17384 | Lair:4   | Noticed an eight-headed hydra
 17391 | Lair:4   | Killed a five-headed hydra
 17691 | Lair:4   | Reached skill level 10 in Invocations
 18001 | Lair:4   | Found a staircase to the Snake Pit.
 18118 | Lair:4   | Gained mutation: Your magical capacity is low. (-10% MP) [potion of mutation]
 18118 | Lair:4   | Gained mutation: You expend magic power (3 MP) to strengthen your wands. [potion of mutation]
 18118 | Lair:4   | Gained mutation: You are robust. (+10% HP) [potion of mutation]
 18118 | Lair:4   | Gained mutation: You have supernaturally acute eyesight. (SInv) [potion of mutation]
 18131 | Lair:4   | Noticed an eight-headed hydra
 18141 | Lair:4   | Killed a three-headed hydra
 18141 | Lair:4   | Reached skill level 11 in Axes
 19207 | Lair:5   | Noticed a four-headed hydra
 19239 | Lair:5   | Killed a one-headed hydra
 19578 | Lair:4   | Reached XP level 13. HP: 107/118 MP: 18/18
 20580 | Lair:6   | Entered Level 6 of the Lair of Beasts
 21112 | Lair:6   | Reached skill level 10 in Armour
 21773 | Lair:6   | Noticed Kirke
 21810 | Lair:6   | Killed Kirke
 22280 | Lair:6   | Noticed Guthix's ghost (journeyman DsBe)
 22307 | Lair:6   | Killed Guthix's ghost
 22499 | Lair:6   | Found a staircase to the Slime Pits.
 22569 | Lair:6   | Reached skill level 12 in Axes
 23023 | Lair:6   | Killed from afar by a manticore

Skill      XL: |  1  2  3  4  5  6  7  8  9 10 11 12 13 |
---------------+----------------------------------------+-----
Axes           | 2 3 4 5 6 7 9 10 11 12 | 12.2
Armour         | 2 3 4 5 6 7 8 9 10 | 10.4
Dodging        | 1 2 3 4 |  4.5
Invocations    | 3 4 5 6 7 9 10 11 | 11.4
Fighting       | 4 5 6 7 8 9 |  9.2
Throwing       | 1 |  1.3
Shields        | 2 3 |  3.9

Action                   |  1- 3 |  4- 6 |  7- 9 | 10-12 | 13-15 || total
-------------------------+-------+-------+-------+-------+-------++-------
Melee: Hand axe          |    97 |   227 |   340 |     9 |       ||   673
       Kick              |    19 |    42 |    64 |   138 |    63 ||   326
       War axe           |       |       |       |   434 |   231 ||   665
       Unarmed           |       |       |       |       |     1 ||     1
Throw: Tomahawk          |       |       |     6 |       |       ||     6
       Javelin           |       |       |     4 |     2 |       ||     6
Invok: Depart the Abyss  |     1 |       |       |       |       ||     1
       Banish            |       |       |       |     3 |     6 ||     9
       Bend Space        |       |       |       |       |     2 ||     2
  Use: Scroll            |     1 |     7 |     8 |    17 |     2 ||    35
       Potion            |       |     2 |     3 |     5 |     4 ||    14
  Eat: Chunk             |       |     9 |    10 |    20 |     9 ||    48
       Ration            |       |       |     2 |     3 |     1 ||     6
Armor: Leather armour    |    11 |       |       |       |       ||    11
       Scale mail        |    58 |   139 |   172 |   232 |   154 ||   755
       Skin              |       |    12 |    25 |       |       ||    37
Dodge: Dodged            |    51 |    86 |   114 |   115 |    88 ||   454
Block: Other             |       |       |    24 |    22 |     1 ||    47
       Reflection        |       |       |       |     5 |     1 ||     6
       Shield            |       |       |       |   152 |   149 ||   301
       Buckler           |       |       |       |    10 |       ||    10
